[Event "HUN-chT Youth-Children 2018"]
[Site "Zalakaros"]
[Date "2018.07.28"]
[Round "6"]
[White "Toth, Csongor"]
[Black "Szabo, Akos"]
[Result "1/2-1/2"]
[ECO "C44"]
[WhiteElo "1326"]
[BlackElo "1322"]
[Annotator "NA"]
[PlyCount "79"]
[EventDate "2018.07.26"]
[EventType "team-tourn"]
[EventCountry "HUN"]
[SourceTitle "playchess.com"]
[Source "ChessBase"]
[SourceQuality "1"]
[TimeControl "5400+30"]

1. e4 e5 2. Nf3 Nc6 3. d4 exd4 4. Nxd4 Nf6 5. Nc3 Bb4 6. Bg5 h6 7. Nxc6 Bxc3+ 8. bxc3 bxc6 9. Bxf6 Qxf6 10. Qd4 Qg5 11. g3 O-O 12. Bg2 Qb5 13. c4 Qb6 14. c3 d6 15. O-O c5 16. Qd3 Qa6 17. Rfb1 Be6 18. Bf1 Rab8 19. Rb5 Rfd8 20. Qb1 Rb6 21. Rxb6 cxb6 22. Qb5 Qxb5 23. cxb5 d5 24. exd5 Rxd5 25. c4 Rd4 26. Rc1 Rd2 27. a3 Rd4 28. Kg2 g5 29. Kf3 Kg7 30. h3 Kg6 31. g4 h5 32. gxh5+ Kxh5 33. Kg3 f5 34. Be2+ g4 35. hxg4+ fxg4 36. f3 gxf3 37. Bxf3+ Bg4 38. Bxg4+ Rxg4+ 39. Kf3 Kg5 40. Rc3 1/2-1/2

[Event "HUN-chT Youth-Children 2018"]
[Site "Zalakaros"]
[Date "2018.07.28"]
[Round "6"]
[White "Petyko, Martin"]
[Black "Markus, Molli Amina"]
[Result "0-1"]
[ECO "D02"]
[WhiteElo "1166"]
[BlackElo "1566"]
[Annotator "NA"]
[PlyCount "68"]
[EventDate "2018.07.26"]
[EventType "team-tourn"]
[EventCountry "HUN"]
[SourceTitle "playchess.com"]
[Source "ChessBase"]
[SourceQuality "1"]
[TimeControl "5400+30"]

1. d4 d5 2. Nf3 Nf6 3. g3 e6 4. Bg2 c5 5. c4 Nc6 6. Nc3 dxc4 7. Ne5 Nxe5 8. dxe5 Qxd1+ 9. Nxd1 Nd7 10. f4 Rb8 11. O-O b5 12. Bc6 Rb6 13. Be4 Bb7 14. Bxb7 Rxb7 15. a4 a6 16. axb5 axb5 17. Ra8+ Rb8 18. Rxb8+ Nxb8 19. Nc3 b4 20. Ne4 Kd7 21. Rd1+ Kc7 22. Nd6 Bxd6 23. Rxd6 Rd8 24. Rxd8 Kxd8 25. Be3 Na6 26. Kf2 Kc7 27. Kf3 Kc6 28. Ke4 Nc7 29. f5 exf5+ 30. Kxf5 Kd5 31. Bf2 Ne6 32. e4+ Kc6 33. h4 c3 34. bxc3 b3 0-1

[Event "HUN-chT Youth-Children 2018"]
[Site "Zalakaros"]
[Date "2018.07.29"]
[Round "7"]
[White "Krstulovic, Alex"]
[Black "Marosi, Levente"]
[Result "1-0"]
[ECO "D38"]
[WhiteElo "2289"]
[BlackElo "2337"]
[Annotator "NA"]
[PlyCount "69"]
[EventDate "2018.07.26"]
[EventType "team-tourn"]
[EventCountry "HUN"]
[SourceTitle "playchess.com"]
[Source "ChessBase"]
[SourceQuality "1"]
[TimeControl "5400+30"]

1. d4 Nf6 2. c4 e6 3. Nf3 d5 4. Nc3 Bb4 5. Bg5 h6 6. Bxf6 Qxf6 7. e3 O-O 8. Rc1 dxc4 9. Bxc4 c5 10. O-O cxd4 11. Ne4 Qf5 12. Ng3 Qf6 $11 13. Nh5 Qg6 14. Ne5 Qe4 15. exd4 Nc6 16. Bd3 Qh4 17. g3 Qe7 18. Rxc6 bxc6 19. Nxc6 Qd6 20. Qg4 g5 21. Nxb4 f5 22. Qf3 Rb8 23. Nc2 Rxb2 24. Qe3 Bb7 25. Re1 Rc8 26. Na3 Kf8 27. Bc4 Rb6 28. f3 Rd8 29. Nb5 Rxb5 30. Bxb5 Kf7 31. Bc4 Qxd4 32. Bxe6+ Kg6 33. Qxd4 Rxd4 34. g4 f4 35. Bg8 1-0

[Event "HUN-chT Youth-Children 2018"]
[Site "Zalakaros"]
[Date "2018.07.29"]
[Round "7"]
[White "Kokeny, Norbert Adrian"]
[Black "Vanczak, Tamas"]
[Result "1/2-1/2"]
[ECO "A30"]
[WhiteElo "2249"]
[BlackElo "2339"]
[Annotator "NA"]
[PlyCount "102"]
[EventDate "2018.07.26"]
[EventType "team-tourn"]
[EventCountry "HUN"]
[SourceTitle "playchess.com"]
[Source "ChessBase"]
[SourceQuality "1"]
[TimeControl "5400+30"]

1. Nf3 c5 2. c4 Nf6 3. g3 b6 4. Bg2 Bb7 5. O-O e6 6. Nc3 Be7 7. b3 O-O 8. Bb2 d6 9. e3 Nbd7 10. Qe2 {[%emt 0:01:05] LiveBook: 124 Games} Re8 11. Rfd1 a6 12. d4 {[%emt 0:02:06] A30: Symmetrical English: Double Fianchetto and Hedgehog} cxd4 13. Nxd4 Bxg2 14. Kxg2 Qc7 15. Rac1 Rac8 {[%emt 0:03:27] [#]} 16. Nc2 $146 ({Predecessor:} 16. f4 Nb8 17. Qf3 Nc6 18. Nde2 Qb7 19. g4 Nxg4 20. Ne4 Nd8 21. Rxd6 f5 22. Rxd8 Qxe4 23. Qxe4 fxe4 24. Rxe8+ Rxe8 25. Ng3 Nxe3+ 26. Kh3 Rd8 27. Nxe4 Rd3 28. Ng3 Nd1 29. Rc2 h5 {0-1 (29) Horvath,J (2535)-Leko,P (2600) Budapest 1997}) 16... Bf8 17. f4 Nc5 18. Qf3 $11 Qb8 19. Nb4 b5 20. cxb5 axb5 21. e4 Qa8 22. e5 dxe5 23. fxe5 Ng4 24. Re1 Nxb3 25. axb3 Bxb4 26. Qxa8 Rxa8 27. Re4 Bxc3 28. Rxc3 f5 29. exf6 Nxf6 30. Re2 Ra2 31. Rc7 Rd8 32. Rxg7+ Kxg7 33. Bxf6+ Kxf6 34. Rxa2 Rd3 35. Ra7 h6 36. Rh7 Kg6 37. Re7 Kf5 38. Rh7 Rxb3 39. Rxh6 e5 40. h4 e4 41. Rh5+ Kf6 42. g4 Rb2+ 43. Kg3 e3 44. Rf5+ Ke6 45. h5 e2 46. Kf2 Rb4 47. Rg5 Re4 48. Ke1 Kf6 49. Rg6+ Kf7 50. g5 Re5 51. Rf6+ Kg8 1/2-1/2

[Event "HUN-chT Youth-Children 2018"]
[Site "Zalakaros"]
[Date "2018.07.29"]
[Round "7"]
[White "Ugroczky, Peter"]
[Black "Dibusz, Domonkos"]
[Result "1/2-1/2"]
[ECO "C77"]
[WhiteElo "2247"]
[BlackElo "2076"]
[Annotator "NA"]
[PlyCount "57"]
[EventDate "2018.07.26"]
[EventType "team-tourn"]
[EventCountry "HUN"]
[SourceTitle "playchess.com"]
[Source "ChessBase"]
[SourceQuality "1"]
[TimeControl "5400+30"]

1. e4 e5 2. Nf3 Nc6 3. Bb5 a6 4. Ba4 Nf6 5. d4 exd4 6. O-O Be7 7. Re1 b5 8. Bb3 d6 9. Bd5 Nxd5 10. exd5 Ne5 11. Nxd4 O-O 12. a4 Bg4 13. Qd2 Bd7 14. Nc3 b4 15. Ne4 f5 16. Ng5 Bxg5 17. Qxg5 Qxg5 18. Bxg5 f4 19. Re4 Ng6 20. g3 Rae8 21. Ne6 Rf5 22. Bxf4 Nxf4 23. gxf4 Rxd5 24. Nxc7 Rxe4 25. Nxd5 Rd4 26. Nc7 a5 27. Nb5 Rd5 28. c4 bxc3 29. bxc3 1/2-1/2

[Event "HUN-chT Youth-Children 2018"]
[Site "Zalakaros"]
[Date "2018.07.29"]
[Round "7"]
[White "Pribelszky, Bence"]
[Black "Lengyel, Andrea"]
[Result "1-0"]
[ECO "A00"]
[WhiteElo "2245"]
[BlackElo "1854"]
[Annotator "NA"]
[PlyCount "49"]
[EventDate "2018.07.26"]
[EventType "team-tourn"]
[EventCountry "HUN"]
[SourceTitle "playchess.com"]
[Source "ChessBase"]
[SourceQuality "1"]
[TimeControl "5400+30"]

1. Nc3 d5 2. e4 d4 3. Nce2 e5 4. Ng3 Be6 5. Bb5+ c6 {[%emt 0:02:01] LiveBook: 7 Partien} 6. Ba4 Bd6 7. Bb3 Bxb3 8. axb3 $15 g6 9. Nh3 Ne7 10. O-O O-O 11. d3 Qd7 12. Bh6 Re8 13. f4 exf4 14. Nxf4 Be5 15. Qf3 Nc8 16. c4 Na6 17. Ra5 c5 18. b4 Nxb4 19. Rxc5 Nc6 20. Nxg6 Re6 21. Nxe5 Nxe5 22. Rxe5 Rxh6 23. Nh5 Kh8 24. Nf6 Rxf6 25. Qxf6+ 1-0

[Event "HUN-chT Youth-Children 2018"]
[Site "Zalakaros"]
[Date "2018.07.29"]
[Round "7"]
[White "Juhasz, Agoston"]
[Black "Losonczi, Marcell"]
[Result "0-1"]
[ECO "C48"]
[WhiteElo "2244"]
[BlackElo "2149"]
[Annotator "NA"]
[PlyCount "40"]
[EventDate "2018.07.26"]
[EventType "team-tourn"]
[EventCountry "HUN"]
[SourceTitle "playchess.com"]
[Source "ChessBase"]
[SourceQuality "1"]
[TimeControl "5400+30"]

1. e4 e5 2. Nf3 Nc6 3. Nc3 Nf6 4. Bb5 Bd6 5. d3 a6 6. Ba4 O-O 7. a3 h6 8. g4 b5 9. Bb3 Nd4 10. Ba2 (10. Rg1 $14) 10... b4 11. axb4 Bxb4 12. g5 (12. O-O $14) 12... d5 $15 13. Nxe5 Qe7 14. gxf6 Qxe5 15. fxg7 Rd8 16. Be3 dxe4 17. dxe4 Qxe4 18. Bxf7+ Kxf7 19. Qh5+ Kg8 20. Rg1 Qf3 0-1

[Event "HUN-chT Youth-Children 2018"]
[Site "Zalakaros"]
[Date "2018.07.29"]
[Round "7"]
[White "Borhy, Marcell"]
[Black "Bohus, Adam"]
[Result "0-1"]
[ECO "E62"]
[WhiteElo "2234"]
[BlackElo "2231"]
[Annotator "NA"]
[PlyCount "68"]
[EventDate "2018.07.26"]
[EventType "team-tourn"]
[EventCountry "HUN"]
[SourceTitle "playchess.com"]
[Source "ChessBase"]
[SourceQuality "1"]
[TimeControl "5400+30"]

1. d4 Nf6 2. c4 g6 3. Nf3 Bg7 4. g3 O-O 5. Bg2 d6 6. O-O Nc6 7. Nc3 Bg4 8. h3 Bxf3 9. Bxf3 Nd7 10. Bxc6 bxc6 11. Be3 e5 12. Qd2 Re8 13. Rad1 $11 h5 14. dxe5 Nxe5 15. b3 h4 16. g4 Qd7 17. Bd4 Qe6 18. Qg5 Bf6 19. Qf4 Bg7 20. Qg5 Bf6 21. Qe3 Bg7 22. f4 Nd7 23. Qxe6 Rxe6 24. Bxg7 Kxg7 25. Rf3 Rae8 26. Kf2 Nc5 27. Rd4 f5 28. g5 a5 29. Rd1 Kf7 30. Rc1 R8e7 31. Rc2 Ke8 32. Rb2 Kd7 33. Ke1 Re3 34. Kf2 Rxc3 0-1

[Event "HUN-chT Youth-Children 2018"]
[Site "Zalakaros"]
[Date "2018.07.29"]
[Round "7"]
[White "Geher, Koppany"]
[Black "Forgacs, Attila Jr"]
[Result "1-0"]
[ECO "C88"]
[WhiteElo "2207"]
[BlackElo "1911"]
[Annotator "NA"]
[PlyCount "113"]
[EventDate "2018.07.26"]
[EventType "team-tourn"]
[EventCountry "HUN"]
[SourceTitle "playchess.com"]
[Source "ChessBase"]
[SourceQuality "1"]
[TimeControl "5400+30"]

1. e4 e5 2. Nf3 Nc6 3. Bb5 a6 4. Ba4 Nf6 5. O-O Be7 6. Re1 b5 7. Bb3 O-O 8. a4 b4 9. d4 d6 10. dxe5 Nxe5 11. Nxe5 dxe5 12. Qe2 Bb7 13. f3 Bc5+ 14. Be3 Qe7 15. Nd2 Rad8 16. Nc4 $16 Nd7 17. Na5 Bxe3+ 18. Qxe3 Ba8 19. Bc4 Qc5 20. Qxc5 Nxc5 21. Kf2 Rd2+ 22. Re2 Rfd8 23. Ke3 Rd1 24. Rxd1 Rxd1 25. b3 Kf8 26. Rd2 Rxd2 27. Kxd2 Ke7 28. c3 bxc3+ 29. Kxc3 f6 30. Kb4 Kd6 31. Bg8 Ne6 32. Nc4+ Kd7 33. Bxe6+ Kxe6 34. Nb2 Kd6 35. Nd3 Bb7 36. Ka5 g6 37. b4 f5 38. Nc5 Bc8 39. Nxa6 fxe4 40. fxe4 Bg4 41. Nc5 Be2 42. Nb7+ Kc6 43. Nd8+ Kd7 44. Nf7 Ke6 45. Ng5+ Kd6 46. Nxh7 c5 47. bxc5+ Kxc5 48. Nf6 Bd3 49. h4 Kd4 50. g4 Bxe4 51. Nxe4 Kxe4 52. h5 gxh5 53. gxh5 Kf5 54. h6 Kg6 55. Kb4 Kxh6 56. a5 e4 57. Kc3 1-0

[Event "HUN-chT Youth-Children 2018"]
[Site "Zalakaros"]
[Date "2018.07.29"]
[Round "7"]
[White "Kovacs, Judit"]
[Black "Virag, Balint"]
[Result "0-1"]
[ECO "A15"]
[WhiteElo "2143"]
[BlackElo "2051"]
[Annotator "NA"]
[PlyCount "198"]
[EventDate "2018.07.26"]
[EventType "team-tourn"]
[EventCountry "HUN"]
[SourceTitle "playchess.com"]
[Source "ChessBase"]
[SourceQuality "1"]
[TimeControl "5400+30"]

1. c4 Nf6 2. Nf3 g6 3. Nc3 Bg7 4. e4 d6 5. d4 O-O 6. h3 Nfd7 7. g4 Nc6 8. Be3 e5 9. d5 Ne7 10. Be2 Kh8 11. Qc2 $16 f5 12. gxf5 gxf5 13. Bg5 f4 14. O-O-O Nf6 15. Rdg1 Bd7 16. Rg2 Qe8 17. Qd1 a6 18. h4 h6 19. h5 b5 20. a3 Rb8 21. Bh4 Rg8 22. Qg1 Qf7 23. Rg6 Nxg6 24. hxg6 Qf8 25. Ng5 Be8 26. Ne6 Qe7 27. Nxc7 bxc4 28. Ne6 Rxb2 29. Bxf6 Qxf6 30. Kxb2 Bxg6 31. Bxc4 Rb8+ 32. Ka2 Qf7 33. Rh2 f3 34. Qc1 h5 35. Rh1 Qa7 36. Qd2 Kh7 37. Ng5+ Kg8 38. Ne6 Kh7 39. Nxg7 Kxg7 40. Rg1 Kh7 41. Qe3 Qc7 42. Bb3 Rf8 43. Qg5 Rg8 44. Kb2 Qb6 45. Qe3 Qxe3 46. fxe3 Rf8 47. Nd1 f2 48. Rf1 Kh6 49. Rxf2 Rxf2+ 50. Nxf2 Kg5 51. Kc3 Kh4 52. Kd2 Kg3 53. Ke1 Kg2 54. Bc4 a5 55. Be2 h4 56. Bg4 Be8 57. Bf5 Bb5 58. Bg4 Be8 59. Nh3 Bb5 60. Bf5 Be8 61. Ng5 Kg3 62. Kd2 Kf2 63. Kc3 Kxe3 64. Kc4 Kf4 65. Nh7 Kg3 66. Ng5 Kg2 67. Be6 Kg3 68. Kd3 Kf4 69. Nh3+ Kf3 70. Bf5 Bb5+ 71. Kd2 Kg3 72. Ke1 Kg2 73. Ng5 Be8 74. Ke2 Bb5+ 75. Ke3 Be8 76. Nf3 h3 77. Bxh3+ Kxh3 78. Nd2 Bb5 79. Nb3 a4 80. Na5 Ba6 81. Nc6 Kg4 82. Nd8 Kg5 83. Nf7+ Kf6 84. Nxd6 Ke7 85. Nf5+ Kf6 86. Kd2 Bb5 87. Kc3 Bd7 88. Nd6 Ke7 89. Nc4 Kf6 90. Kb4 Be8 91. Nb6 Bg6 92. Nd7+ Ke7 93. Nxe5 Bxe4 94. Kc5 Bg2 95. Nc4 Bf3 96. Nb6 Bd1 97. Kc6 Kd8 98. Nc4 Ke7 99. Nd6 Kf6 0-1

[Event "HUN-chT Youth-Children 2018"]
[Site "Zalakaros"]
[Date "2018.07.29"]
[Round "7"]
[White "Pasztor, Balazs"]
[Black "Czupor, Attila"]
[Result "1/2-1/2"]
[ECO "B75"]
[WhiteElo "2072"]
[BlackElo "2239"]
[Annotator "NA"]
[PlyCount "54"]
[EventDate "2018.07.26"]
[EventType "team-tourn"]
[EventCountry "HUN"]
[SourceTitle "playchess.com"]
[Source "ChessBase"]
[SourceQuality "1"]
[TimeControl "5400+30"]

1. e4 c5 2. Nf3 d6 3. d4 cxd4 4. Nxd4 Nf6 5. Nc3 g6 6. Be3 Bg7 7. f3 h5 8. Qd2 a6 9. Bc4 Nbd7 10. a4 b6 11. O-O Bb7 12. Rad1 Qc7 13. Ba2 Rc8 $14 14. Qf2 Ne5 15. Nde2 Nfd7 16. Nf4 Nc4 17. Nfd5 Bxd5 18. Nxd5 Qc6 19. Qh4 Bf6 20. Nxf6+ Nxf6 21. Bd4 Qxa4 22. Bxf6 exf6 23. Qxf6 O-O 24. Bb3 Qb4 25. Rd4 b5 26. Rfd1 a5 27. h3 a4 1/2-1/2

[Event "HUN-chT Youth-Children 2018"]
[Site "Zalakaros"]
[Date "2018.07.29"]
[Round "7"]
[White "Pasti, Aron"]
[Black "Herczeg, Marcell"]
[Result "1-0"]
[ECO "C99"]
[WhiteElo "2069"]
[BlackElo "1490"]
[Annotator "NA"]
[PlyCount "91"]
[EventDate "2018.07.26"]
[EventType "team-tourn"]
[EventCountry "HUN"]
[SourceTitle "playchess.com"]
[Source "ChessBase"]
[SourceQuality "1"]
[TimeControl "5400+30"]

1. e4 e5 2. Nf3 Nc6 3. Bb5 a6 4. Ba4 Nf6 5. O-O b5 6. Bb3 Be7 7. Re1 d6 8. c3 O-O 9. h3 Na5 10. Bc2 c5 11. d4 Qc7 12. Nbd2 cxd4 13. cxd4 Nc6 14. a3 Rd8 {[%emt 0:12:49] C99: Spanische Partie (Tschigorin-System)} (14... exd4 15. Nb3 Bb7 16. Nbxd4 Nxd4 17. Nxd4 Rfe8 18. Bf4 Bf8 19. f3 Nh5 20. Bh2 g6 21. Bb3 Bg7 22. Kh1 {½-½ (33) Gashimov,V (2734)-Akopian,V (2694) Astrakhan 2010 CBM 137 [Marin,M]}) 15. d5 Na5 16. Nf1 $146 ({Vorgänger:} 16. Re3 Nb7 17. Rc3 Qb8 18. b4 Bd7 19. Nf1 a5 20. Be3 Nh5 21. Rc1 Bf6 22. N1h2 Nf4 23. Ng4 Be7 24. Bxf4 exf4 25. Qd3 g6 26. Nd4 {1-0 (26) Ottesen,S (2380)-De la Calle,I (2302) ICCF email 2006}) 16... Bd7 17. g4 Rac8 18. Bd3 Nb7 {[%emt 0:01:16] [#]} (18... h5 $11 {remains equal.}) 19. b4 $16 a5 20. Qe2 Ra8 21. Bd2 Qb6 22. Be3 Qa6 23. Qb2 a4 24. Ng3 Rdc8 25. Nf5 Bxf5 26. gxf5 Rab8 27. Rac1 Nd8 28. Qe2 Rxc1 29. Rxc1 Qb7 30. Kh2 Bf8 31. Bg5 Kh8 32. Rg1 Be7 33. Rc1 h6 34. Be3 Ne8 35. Nd2 Bf6 36. Nb1 Kh7 37. Nc3 Nc7 38. Rg1 Be7 39. Qg4 Bf6 40. Be2 Qc8 41. Bxh6 Ne8 42. Bd2 Qd7 43. Bg5 Qe7 44. Bxf6 Qxf6 45. Bxb5 Kg8 46. Bxe8 1-0

[Event "HUN-chT Youth-Children 2018"]
[Site "Zalakaros"]
[Date "2018.07.29"]
[Round "7"]
[White "Tancsa, Tamas"]
[Black "Egyed, Judit"]
[Result "1-0"]
[ECO "B90"]
[WhiteElo "2023"]
[BlackElo "2171"]
[Annotator "NA"]
[PlyCount "81"]
[EventDate "2018.07.26"]
[EventType "team-tourn"]
[EventCountry "HUN"]
[SourceTitle "playchess.com"]
[Source "ChessBase"]
[SourceQuality "1"]
[TimeControl "5400+30"]

1. e4 c5 2. Nf3 d6 3. d4 cxd4 4. Nxd4 Nf6 5. Nc3 a6 6. f3 e5 7. Nb3 Be6 8. Be3 h5 9. Nd5 Nbd7 10. c4 Bxd5 11. cxd5 Rc8 12. Qd2 Be7 13. Bd3 $16 Nc5 14. Nxc5 dxc5 15. Rc1 b5 16. b3 Nd7 17. O-O Bd6 18. a4 Rb8 19. axb5 axb5 20. Ra1 O-O 21. Rfc1 b4 22. Ra6 Rb6 23. Rca1 Rxa6 24. Rxa6 Nb8 25. Ra1 Qb6 26. Qf2 Rc8 27. Qh4 g6 28. Bc4 Qd8 29. Bg5 Qd7 30. g4 Rc7 31. gxh5 Ra7 32. Rf1 Qe8 33. Kh1 Nd7 34. Bb5 Qb8 35. Bxd7 Rxd7 36. Bf6 Qf8 37. Qg4 Be7 38. Bxe5 f6 39. Qxd7 fxe5 40. Qe6+ Kh8 41. hxg6 1-0

[Event "HUN-chT Youth-Children 2018"]
[Site "Zalakaros"]
[Date "2018.07.29"]
[Round "7"]
[White "Kovacs, Bence"]
[Black "Gombocz, Zsofia"]
[Result "1/2-1/2"]
[ECO "C84"]
[WhiteElo "1994"]
[BlackElo "1996"]
[Annotator "NA"]
[PlyCount "83"]
[EventDate "2018.07.26"]
[EventType "team-tourn"]
[EventCountry "HUN"]
[SourceTitle "playchess.com"]
[Source "ChessBase"]
[SourceQuality "1"]
[TimeControl "5400+30"]

1. e4 e5 2. Nf3 Nc6 3. Bb5 a6 4. Ba4 Nf6 5. O-O Be7 6. Re1 O-O {[%emt 0:00:25] [#]} 7. Bxc6 $1 {[%emt 0:27:06] LiveBook: 11 Games} dxc6 8. Nxe5 Re8 9. Nf3 Bg4 10. h3 Bh5 11. d3 $16 c5 12. g4 Bg6 13. Ne5 Nd7 14. Nxg6 hxg6 15. f4 Bh4 16. Rf1 g5 17. Qf3 Rf8 18. f5 Ne5 19. Qe3 Qd6 20. Nd2 Nc6 21. Nc4 Qe7 22. b3 b5 23. Na3 c4 24. f6 Qe5 25. fxg7 Kxg7 26. d4 Nxd4 27. Bb2 Ne2+ 28. Qxe2 Qxb2 29. Qf3 f6 30. b4 Qxb4 31. Rad1 Qe7 32. Nb1 Rad8 33. Nc3 c6 34. Ne2 Qe5 35. Qe3 c5 36. Kg2 Rfe8 37. Rxd8 Rxd8 38. Rf5 Qd6 39. Rd5 Qe7 40. Rxd8 Qxd8 41. Qxc5 Qd2 42. Qe7+ 1/2-1/2

[Event "HUN-chT Youth-Children 2018"]
[Site "Zalakaros"]
[Date "2018.07.29"]
[Round "7"]
[White "Kratzmajer, Akos Gyorgy"]
[Black "Demjen, Mark"]
[Result "1/2-1/2"]
[ECO "C47"]
[WhiteElo "1972"]
[BlackElo "1789"]
[Annotator "NA"]
[PlyCount "89"]
[EventDate "2018.07.26"]
[EventType "team-tourn"]
[EventCountry "HUN"]
[SourceTitle "playchess.com"]
[Source "ChessBase"]
[SourceQuality "1"]
[TimeControl "5400+30"]

1. e4 e5 2. Nf3 Nc6 3. Nc3 Nf6 4. d4 exd4 5. Nxd4 Nxe4 6. Nxe4 Qe7 7. Nb5 Qxe4+ 8. Be2 Bb4+ $11 9. c3 Ba5 10. O-O O-O 11. Bd3 Qh4 12. g3 Qh3 13. Re1 d5 14. Bf1 Qd7 15. Bg2 Ne7 16. b4 Bb6 17. Bf4 Ng6 18. Nd4 Nxf4 19. gxf4 c6 20. Qh5 Qd6 21. Re5 f6 22. Re3 Bxd4 23. cxd4 Qxf4 24. Rg3 Bf5 25. Bh3 Bxh3 26. Rxh3 Qg5+ 27. Qxg5 fxg5 28. Re1 Rae8 29. Rhe3 Rxe3 30. Rxe3 Kf7 31. Kg2 Re8 32. Rf3+ Kg6 33. a3 Re4 34. Rf8 Rxd4 35. Rb8 Rd3 36. a4 Rb3 37. Rxb7 a5 38. b5 cxb5 39. Rxb5 Rxb5 40. axb5 a4 41. b6 a3 42. b7 a2 43. b8=Q a1=Q 44. Qd6+ Qf6 45. Qxd5 1/2-1/2

[Event "HUN-chT Youth-Children 2018"]
[Site "Zalakaros"]
[Date "2018.07.29"]
[Round "7"]
[White "Birovecz, Ben Jordan"]
[Black "Reviczki, Roland"]
[Result "0-1"]
[ECO "A58"]
[WhiteElo "1901"]
[BlackElo "1931"]
[Annotator "NA"]
[PlyCount "90"]
[EventDate "2018.07.26"]
[EventType "team-tourn"]
[EventCountry "HUN"]
[SourceTitle "playchess.com"]
[Source "ChessBase"]
[SourceQuality "1"]
[TimeControl "5400+30"]

1. d4 Nf6 2. c4 c5 3. d5 b5 4. cxb5 a6 5. bxa6 g6 6. Nc3 Bxa6 7. Nf3 d6 8. e4 Bxf1 9. Kxf1 Nbd7 10. g3 Bg7 11. Kg2 O-O 12. a4 Qb6 13. Qe2 Ng4 14. h3 (14. Nd2 $142 Bxc3 15. bxc3) 14... Nge5 15. Nxe5 Nxe5 16. f4 Nd7 17. Bd2 $14 Rfc8 18. Be3 Qb4 19. Bd2 Qb6 20. Rhb1 c4 21. Be3 Qb4 22. Qe1 Nc5 23. Bxc5 Rxc5 24. e5 dxe5 25. fxe5 e6 26. Qf2 exd5 27. Rf1 d4 28. Qxd4 Qxb2+ 29. Qf2 Qxf2+ 30. Rxf2 Bxe5 31. Rc2 Rc6 32. g4 Ra5 33. Ra3 Rca6 34. Nb5 Rxb5 35. axb5 Rxa3 36. Rxc4 Rb3 37. Rc5 Bf6 38. g5 Bc3 39. Rc8+ Kg7 40. Rb8 Bd2 41. h4 Be1 42. h5 gxh5 43. b6 Ba5 44. b7 Bc7 45. Rc8 Rxb7 0-1

[Event "HUN-chT Youth-Children 2018"]
[Site "Zalakaros"]
[Date "2018.07.29"]
[Round "7"]
[White "Pasti, Anna"]
[Black "Szabo, Miklos"]
[Result "1-0"]
[ECO "C70"]
[WhiteElo "1821"]
[BlackElo "1711"]
[Annotator "NA"]
[PlyCount "51"]
[EventDate "2018.07.26"]
[EventType "team-tourn"]
[EventCountry "HUN"]
[SourceTitle "playchess.com"]
[Source "ChessBase"]
[SourceQuality "1"]
[TimeControl "5400+30"]

1. e4 e5 2. Nf3 Nc6 3. Bb5 a6 4. Ba4 Bd6 5. O-O Nf6 6. Re1 b5 7. Bb3 Bb7 8. c3 O-O 9. d4 h6 10. Nbd2 Re8 11. d5 Na5 12. Bc2 Rc8 13. b4 Nc4 14. Nxc4 bxc4 15. a4 Qe7 16. Nh4 Red8 17. Nf5 Qf8 18. Re3 Nh7 19. Rg3 Ng5 20. h4 c6 21. hxg5 cxd5 22. gxh6 g6 23. h7+ Kh8 24. Bh6 Qe8 25. Bg7+ Kxh7 26. Rh3+ 1-0

[Event "HUN-chT Youth-Children 2018"]
[Site "Zalakaros"]
[Date "2018.07.29"]
[Round "7"]
[White "Sulyok, Eszter"]
[Black "Horvath, Balazs"]
[Result "0-1"]
[ECO "E85"]
[WhiteElo "1804"]
[BlackElo "2039"]
[Annotator "NA"]
[PlyCount "106"]
[EventDate "2018.07.26"]
[EventType "team-tourn"]
[EventCountry "HUN"]
[SourceTitle "playchess.com"]
[Source "ChessBase"]
[SourceQuality "1"]
[TimeControl "5400+30"]

1. d4 Nf6 2. c4 g6 3. Nc3 Bg7 4. e4 d6 5. f3 O-O 6. Be3 e5 7. Nge2 Nc6 8. d5 Ne7 9. Ng3 a6 10. Be2 Ne8 11. Nf1 f5 12. Nd2 f4 13. Bf2 g5 14. h4 $16 Ng6 15. hxg5 Qxg5 16. Rg1 Nf6 17. Qc2 Nh5 18. O-O-O Ng3 19. Bd3 h5 20. Kb1 h4 21. Nf1 Rf6 22. Rc1 Nf8 23. Be1 Nxf1 24. Rxf1 Rh6 25. Qf2 Kf7 26. Rg1 Bf6 27. Bd2 Bd7 28. Ne2 Rg6 29. Qf1 Qh5 30. Rh1 Qh8 31. Be1 Rh6 32. Ng1 Ng6 33. Nh3 Ne7 34. Bb4 b6 35. Qe2 Rg6 36. Rcg1 Rag8 37. Qc2 Qg7 38. Bf1 Bxh3 39. Rxh3 Rg3 40. Rxg3 fxg3 41. Bd2 Bg5 42. Qc1 Bxd2 43. Qxd2 Qg5 44. Qxg5 Rxg5 45. Kc2 Ng6 46. Kd2 Nf4 47. Ke3 h3 48. Kd2 h2 49. Rh1 Rg8 50. a4 Kf6 51. Ke3 Kg5 52. Kd2 Kh4 53. Ke3 Nh3 {[%emt 0:00:16] Kd4} 0-1

[Event "HUN-chT Youth-Children 2018"]
[Site "Zalakaros"]
[Date "2018.07.29"]
[Round "7"]
[White "Koltai, Dora"]
[Black "Foldes, Marton Gabor"]
[Result "1/2-1/2"]
[ECO "B22"]
[WhiteElo "1786"]
[BlackElo "1590"]
[Annotator "NA"]
[PlyCount "48"]
[EventDate "2018.07.26"]
[EventType "team-tourn"]
[EventCountry "HUN"]
[SourceTitle "playchess.com"]
[Source "ChessBase"]
[SourceQuality "1"]
[TimeControl "5400+30"]

1. e4 c5 2. c3 Nf6 3. e5 Nd5 4. d4 cxd4 5. Qxd4 e6 6. Bd3 Nc6 7. Qe4 f6 8. exf6 Nxf6 9. Qe2 Be7 10. Nf3 O-O 11. O-O Qc7 12. c4 b6 13. h3 Bb7 14. Nc3 Rac8 15. Bg5 Nb4 16. Nb5 Qb8 17. Nfd4 Bc5 18. a3 Nxd3 19. Qxd3 a6 20. Nc3 Ba8 21. Rad1 Qb7 22. Qg3 Kh8 23. f3 d6 24. Kh1 Qf7 1/2-1/2

[Event "HUN-chT Youth-Children 2018"]
[Site "Zalakaros"]
[Date "2018.07.29"]
[Round "7"]
[White "Kocsis, Peter"]
[Black "Ocztos, Dominik"]
[Result "0-1"]
[ECO "A05"]
[WhiteElo "1756"]
[BlackElo "1910"]
[Annotator "NA"]
[PlyCount "56"]
[EventDate "2018.07.26"]
[EventType "team-tourn"]
[EventCountry "HUN"]
[SourceTitle "playchess.com"]
[Source "ChessBase"]
[SourceQuality "1"]
[TimeControl "5400+30"]

1. Nf3 Nf6 2. b3 g6 3. Bb2 Bg7 4. d4 O-O 5. g3 d6 6. Bg2 Nbd7 7. O-O Nh5 8. c4 f5 9. Nc3 Ndf6 10. Qc2 f4 11. e4 Ng4 12. h3 Nxf2 13. Rxf2 fxg3 14. Rff1 Nf4 15. h4 Nh3+ 16. Kh1 Nf2+ 17. Rxf2 gxf2 18. Qxf2 Bg4 19. Ne2 e5 20. Qg3 Bxf3 21. Bxf3 Rxf3 22. Qxf3 Qxh4+ 23. Kg2 Rf8 24. Qe3 Bh6 25. Rh1 Qg4+ 26. Qg3 Qxe2+ 27. Kh3 Rf3 28. Rh2 Rxg3+ 0-1